TOP OF THE 1ST |
Chula Vista Tacos batting - Pitching for Colorado Commanders : RHP Marcos Miranda
|
Pitching: RHP Marcos Miranda
|
|
Batting: RHB Manny Torrez
|
0-0: Called Strike 0-1: Swinging Strike 0-2: Ball 1-2: Strikes out swinging
|
Batting: RHB Juan Morales
|
0-0: Fly out, F8 (Flyball, 8LM)
|
Batting: LHB Michael Myers
|
0-0: Ball 1-0: Ball 2-0: Called Strike 2-1: Ball 3-1: Base on Balls
|
Batting: LHB John White
|
0-0: Ball Michael Myers is caught stealing 2nd base
|
Top of the 1st over - 0 run(s), 0 hit(s), 0 error(s), 0 left on base; Chula Vista 0 - Colorado 0 |
BOTTOM OF THE 1ST |
Colorado Commanders batting - Pitching for Chula Vista Tacos : RHP Alberto Reyes
|
Pitching: RHP Alberto Reyes
|
|
Batting: RHB Félix Campos
|
0-0: Foul Ball, location: 2F 0-1: Ball 1-1: Fly out, F7 (Flyball, 78D)
|
Batting: RHB Frank Martínez
|
0-0: Ball 1-0: Called Strike 1-1: Called Strike 1-2: Fly out, F9 (Flyball, 89M)
|
Batting: LHB Juan Torres
|
0-0: Ball 1-0: Ball 2-0: Foul Ball, location: 2F 2-1: Foul Ball, location: 2F 2-2: Ball 3-2: Fly out, F7 (Flyball, 7LS)
|
Bottom of the 1st over - 0 run(s), 0 hit(s), 0 error(s), 0 left on base; Chula Vista 0 - Colorado 0 |
TOP OF THE 2ND |
Chula Vista Tacos batting - Pitching for Colorado Commanders : RHP Marcos Miranda
|
Batting: LHB John White
|
0-0: Called Strike 0-1: Swinging Strike 0-2: Ball 1-2: Strikes out swinging
|
Batting: RHB Javier González
|
0-0: Ground out 5-3 (Groundball, 5)
|
Batting: LHB Joe Baker
|
0-0: Called Strike 0-1: Called Strike 0-2: Strikes out looking
|
Top of the 2nd over - 0 run(s), 0 hit(s), 0 error(s), 0 left on base; Chula Vista 0 - Colorado 0 |
BOTTOM OF THE 2ND |
Colorado Commanders batting - Pitching for Chula Vista Tacos : RHP Alberto Reyes
|
Batting: LHB Michael Barrett
|
0-0: Called Strike 0-1: Called Strike 0-2: Foul Ball, location: 2F 0-2: Ball 1-2: Ground out 5-3 (Groundball, 56)
|
Batting: LHB Arturo Rodledo
|
0-0: Called Strike 0-1: Ball 1-1: Foul Ball, location: 2F 1-2: Foul Ball, location: 2F 1-2: Strikes out looking
|
Batting: SHB Theodore Cook
|
0-0: Ball 1-0: Ball 2-0: Called Strike 2-1: Ball 3-1: Called Strike 3-2: Strikes out looking
|
Bottom of the 2nd over - 0 run(s), 0 hit(s), 0 error(s), 0 left on base; Chula Vista 0 - Colorado 0 |
TOP OF THE 3RD |
Chula Vista Tacos batting - Pitching for Colorado Commanders : RHP Marcos Miranda
|
Batting: RHB Ray Rogers
|
0-0: Ground out 4-3 (Groundball, 4M)
|
Batting: LHB Roderick Delgado
|
0-0: Called Strike 0-1: Swinging Strike 0-2: Strikes out swinging
|
Batting: RHB José Oliveira
|
0-0: Called Strike 0-1: Foul Ball, location: 2F 0-2: Ball 1-2: Ball 2-2: Fly out, F4 (Line Drive, 4)
|
Top of the 3rd over - 0 run(s), 0 hit(s), 0 error(s), 0 left on base; Chula Vista 0 - Colorado 0 |
BOTTOM OF THE 3RD |
Colorado Commanders batting - Pitching for Chula Vista Tacos : RHP Alberto Reyes
|
Batting: RHB Roberto Rodríguez
|
0-0: Ball 1-0: Fly out, F9 (Flyball, 9S)
|
Batting: RHB Clarence Robertson
|
0-0: Ball 1-0: Ball 2-0: Called Strike 2-1: Swinging Strike 2-2: Foul Ball, location: 2F 2-2: Foul Ball, location: 2F 2-2: Foul Ball, location: 2F 2-2: Ball 3-2: Base on Balls
|
Batting: RHB Gerald Johnson
|
0-0: Foul Ball, location: 2F 0-1: Called Strike 0-2: Ball Wild Pitch! Clarence Robertson to second 1-2: Ground out 5-3 (Groundball, 56)
|
Batting: RHB Félix Campos
|
0-0: Ground out 5-3 (Groundball, 5S)
|
Bottom of the 3rd over - 0 run(s), 0 hit(s), 0 error(s), 1 left on base; Chula Vista 0 - Colorado 0 |
TOP OF THE 4TH |
Chula Vista Tacos batting - Pitching for Colorado Commanders : RHP Marcos Miranda
|
Batting: RHB Manny Torrez
|
0-0: Ground out 6-3 (Groundball, 6S)
|
Batting: RHB Juan Morales
|
0-0: Swinging Strike 0-1: Swinging Strike 0-2: Foul Ball, location: 2F 0-2: Ball 1-2: Strikes out swinging
|
Batting: LHB Michael Myers
|
0-0: Fly out, F4 (Popup, 34D)
|
Top of the 4th over - 0 run(s), 0 hit(s), 0 error(s), 0 left on base; Chula Vista 0 - Colorado 0 |
BOTTOM OF THE 4TH |
Colorado Commanders batting - Pitching for Chula Vista Tacos : RHP Alberto Reyes
|
Batting: RHB Frank Martínez
|
0-0: Ball 1-0: Called Strike 1-1: Swinging Strike 1-2: Strikes out swinging
|
Batting: LHB Juan Torres
|
0-0: Called Strike 0-1: Foul Ball, location: 2F 0-2: Ball 1-2: Ball 2-2: Strikes out swinging
|
Batting: LHB Michael Barrett
|
0-0: Called Strike 0-1: Ball 1-1: Fly out, F3 (Flyball, 3D)
|
Bottom of the 4th over - 0 run(s), 0 hit(s), 0 error(s), 0 left on base; Chula Vista 0 - Colorado 0 |
TOP OF THE 5TH |
Chula Vista Tacos batting - Pitching for Colorado Commanders : RHP Marcos Miranda
|
Batting: LHB John White
|
0-0: Called Strike 0-1: Called Strike 0-2: Strikes out swinging
|
Batting: RHB Javier González
|
0-0: Foul Ball, location: 2F 0-1: Foul Ball, location: 2F 0-2: Ball 1-2: Strikes out swinging
|
Batting: LHB Joe Baker
|
0-0: Called Strike 0-1: Ball 1-1: Ground out U3 (Groundball, 34)
|
Top of the 5th over - 0 run(s), 0 hit(s), 0 error(s), 0 left on base; Chula Vista 0 - Colorado 0 |
BOTTOM OF THE 5TH |
Colorado Commanders batting - Pitching for Chula Vista Tacos : RHP Alberto Reyes
|
Batting: LHB Arturo Rodledo
|
0-0: Ball 1-0: Ball 2-0: Called Strike 2-1: Foul Ball, location: 2F 2-2: Fly out, F7 (Flyball, 78D)
|
Batting: SHB Theodore Cook
|
0-0: Called Strike 0-1: Foul Ball, location: 2F 0-2: Strikes out swinging
|
Batting: RHB Roberto Rodríguez
|
0-0: Fly out, F5 (Popup, 5L)
|
Bottom of the 5th over - 0 run(s), 0 hit(s), 0 error(s), 0 left on base; Chula Vista 0 - Colorado 0 |
TOP OF THE 6TH |
Chula Vista Tacos batting - Pitching for Colorado Commanders : RHP Marcos Miranda
|
Batting: RHB Ray Rogers
|
0-0: Fly out, F5 (Popup, 5S)
|
Batting: LHB Roderick Delgado
|
0-0: Ball 1-0: Ball 2-0: Ball 3-0: Called Strike 3-1: Foul Ball, location: 2F 3-2: DOUBLE (Groundball, 5L)
|
Batting: RHB José Oliveira
|
0-0: Ball 1-0: DOUBLE (Flyball, 78M) Roderick Delgado scores
|
Batting: RHB Manny Torrez
|
0-0: Ball 1-0: Called Strike 1-1: Foul Ball, location: 2F 1-2: Ball 2-2: Foul Ball, location: 2F 2-2: Strikes out looking
|
Batting: RHB Juan Morales
|
0-0: SINGLE (Groundball, 6) (infield hit) José Oliveira to third
|
Batting: LHB Michael Myers
|
0-0: Called Strike 0-1: Ball 1-1: Ball 2-1: Foul Ball, location: 2F 2-2: Fielders Choice at 2nd, U6 (Groundball, 6M)
|
Top of the 6th over - 1 run(s), 3 hit(s), 0 error(s), 2 left on base; Chula Vista 1 - Colorado 0 |
BOTTOM OF THE 6TH |
Colorado Commanders batting - Pitching for Chula Vista Tacos : RHP Alberto Reyes
|
Batting: RHB Clarence Robertson
|
0-0: Ball 1-0: Ball 2-0: Foul Ball, location: 2F 2-1: Called Strike 2-2: Foul Ball, location: 2F 2-2: Strikes out swinging
|
Batting: RHB Gerald Johnson
|
0-0: Ball 1-0: Ball 2-0: Called Strike 2-1: Foul Ball, location: 2F 2-2: Foul Ball, location: 2F 2-2: Foul Ball, location: 2F 2-2: Strikes out swinging
|
Batting: RHB Félix Campos
|
0-0: Ball 1-0: Ground out 5-3 (Groundball, 56)
|
Bottom of the 6th over - 0 run(s), 0 hit(s), 0 error(s), 0 left on base; Chula Vista 1 - Colorado 0 |
TOP OF THE 7TH |
Chula Vista Tacos batting - Pitching for Colorado Commanders : RHP Marcos Miranda
|
Batting: LHB John White
|
0-0: Called Strike 0-1: Swinging Strike 0-2: Ball 1-2: Ball 2-2: Foul Ball, location: 2F 2-2: Ball 3-2: Fly out, F8 (Flyball, 8LD)
|
Batting: RHB Javier González
|
0-0: Ball 1-0: Foul Ball, location: 2F 1-1: Foul Ball, location: 2F 1-2: Foul Ball, location: 2F 1-2: Strikes out swinging
|
Batting: LHB Joe Baker
|
0-0: Ball 1-0: Called Strike 1-1: Swinging Strike 1-2: Ball 2-2: Strikes out looking
|
Top of the 7th over - 0 run(s), 0 hit(s), 0 error(s), 0 left on base; Chula Vista 1 - Colorado 0 |
BOTTOM OF THE 7TH |
Colorado Commanders batting - Pitching for Chula Vista Tacos : RHP Alberto Reyes
|
Batting: RHB Frank Martínez
|
0-0: Called Strike 0-1: Ball 1-1: Foul Ball, location: 2F 1-2: SINGLE (Groundball, 6MD)
|
Pitching: LHP Alejandro Flores
|
|
Pinch Hitting: RHB Ray Ervin
|
0-0: Called Strike 0-1: Foul Ball, location: 2F 0-2: Ball 1-2: Ball 2-2: Fly out, F8 (Flyball, 78D)
|
Pinch Hitting: RHB Ricardo Remedios
|
0-0: Ball 1-0: Called Strike 1-1: Ground out 5-3 (Groundball, 5S) Frank Martínez to second
|
Pinch Hitting: SHB Pancho Vásquez
|
0-0: SINGLE (Groundball, 34D) Frank Martínez to third Runner from 3rd tries for Home, SAFE, no throw
|
Batting: SHB Theodore Cook
|
0-0: Ball 1-0: Ball 2-0: Ball 3-0: Base on Balls Pancho Vásquez to second
|
Pinch Hitting: RHB Mike Martin
|
0-0: Called Strike 0-1: Called Strike 0-2: Ball 1-2: Strikes out swinging
|
Bottom of the 7th over - 1 run(s), 2 hit(s), 0 error(s), 2 left on base; Chula Vista 1 - Colorado 1 |
TOP OF THE 8TH |
Chula Vista Tacos batting - Pitching for Colorado Commanders : RHP Marcos Miranda
|
Now at 1B: Mike Martin
|
|
Now at 3B: Carlos Hernández
|
|
Now in CF: Pancho Vásquez
|
|
Now in RF: Ricardo Remedios
|
|
Pinch Hitting: LHB Steven Smith
|
0-0: Ball 1-0: Called Strike 1-1: Foul Ball, location: 2F 1-2: Ball 2-2: Strikes out swinging
|
Pitching: RHP Ted Stuart
|
|
Batting: LHB Roderick Delgado
|
0-0: Ball 1-0: Swinging Strike 1-1: Swinging Strike 1-2: Ball 2-2: Strikes out looking
|
Batting: RHB José Oliveira
|
0-0: Called Strike 0-1: Foul Ball, location: 2F 0-2: Ball 1-2: Strikes out swinging
|
Top of the 8th over - 0 run(s), 0 hit(s), 0 error(s), 0 left on base; Chula Vista 1 - Colorado 1 |
BOTTOM OF THE 8TH |
Colorado Commanders batting - Pitching for Chula Vista Tacos : LHP Alejandro Flores
|
Now at 3B: Ron Garrett
|
|
Batting: RHB Clarence Robertson
|
0-0: Swinging Strike 0-1: Ball 1-1: Ball 2-1: Called Strike 2-2: Strikes out looking
|
Batting: RHB Gerald Johnson
|
0-0: Ball 1-0: Foul Ball, location: 2F 1-1: Ball 2-1: Ball 3-1: SINGLE (Flyball, 78S)
|
Pinch Runner at 1st Todd Oliver:
|
|
Pinch Hitting: RHB Chris Rice
|
0-0: Ball 1-0: Called Strike 1-1: Ball 2-1: Ball 3-1: SINGLE (Groundball, 6S) (infield hit) Todd Oliver to second
|
Batting: RHB Frank Martínez
|
0-0: Called Strike 0-1: Called Strike 0-2: Strikes out swinging
|
Pitching: RHP Bobby Booker
|
|
Pinch Hitting: SHB Ángel Díaz
|
0-0: Foul Ball, location: 2F 0-1: Foul Ball, location: 2F 0-2: Ground out U3 (Groundball, 3S)
|
Bottom of the 8th over - 0 run(s), 2 hit(s), 0 error(s), 2 left on base; Chula Vista 1 - Colorado 1 |
TOP OF THE 9TH |
Chula Vista Tacos batting - Pitching for Colorado Commanders : RHP Ted Stuart
|
Pitching: RHP José Deleón
|
|
Now at 2B: Todd Oliver
|
|
Now at 3B: Ángel Díaz
|
|
Now in LF: Chris Rice
|
|
Batting: RHB Manny Torrez
|
0-0: Ball 1-0: Ball 2-0: SINGLE (Groundball, 5D)
|
Batting: RHB Juan Morales
|
0-0: Ball 1-0: Called Strike 1-1: Sac Bunt - play at first, batter OUT! 1-4 Manny Torrez to second
|
Batting: LHB Michael Myers
|
0-0: Ball 1-0: Foul Ball, location: 2F 1-1: Called Strike 1-2: Ball 2-2: Ball 3-2: Strikes out swinging
|
Batting: LHB John White
|
0-0: Called Strike 0-1: Ball 1-1: Ball 2-1: Foul Ball, location: 2F 2-2: Foul Ball, location: 2F 2-2: Strikes out swinging
|
Top of the 9th over - 0 run(s), 1 hit(s), 0 error(s), 1 left on base; Chula Vista 1 - Colorado 1 |
BOTTOM OF THE 9TH |
Colorado Commanders batting - Pitching for Chula Vista Tacos : RHP Bobby Booker
|
Batting: RHB Ricardo Remedios
|
0-0: Foul Ball, location: 2F 0-1: Foul Ball, location: 2F 0-2: Foul Ball, location: 2F 0-2: Fly out, F8 (Flyball, 78D)
|
Batting: SHB Pancho Vásquez
|
0-0: Called Strike 0-1: Ground out 6-3 (Groundball, 6)
|
Batting: SHB Theodore Cook
|
0-0: Fly out, F4 (Popup, 4D)
|
Bottom of the 9th over - 0 run(s), 0 hit(s), 0 error(s), 0 left on base; Chula Vista 1 - Colorado 1 |
TOP OF THE 10TH |
Chula Vista Tacos batting - Pitching for Colorado Commanders : RHP José Deleón
|
Batting: RHB Javier González
|
0-0: Foul Ball, location: 2F 0-1: Ball 1-1: Called Strike 1-2: Foul Ball, location: 2F 1-2: Strikes out looking
|
Batting: LHB Joe Baker
|
0-0: Called Strike 0-1: Fly out, F7 (Flyball, 7S)
|
Pinch Hitting: RHB Gerald Davis
|
0-0: Ball 1-0: Called Strike 1-1: Ground out 1-3 (Groundball, 15S)
|
Top of the 10th over - 0 run(s), 0 hit(s), 0 error(s), 0 left on base; Chula Vista 1 - Colorado 1 |
BOTTOM OF THE 10TH |
Colorado Commanders batting - Pitching for Chula Vista Tacos : RHP Bobby Booker
|
Now at 3B: Guillermo Deleón
|
|
Pinch Hitting: LHB Luis Torres
|
0-0: Called Strike 0-1: Called Strike 0-2: Ball 1-2: Ball 2-2: Fly out, F8 (Flyball, 8LS)
|
Pinch Hitting: RHB Alberto Soto
|
0-0: Ball 1-0: Swinging Strike 1-1: Ball 2-1: Foul Ball, location: 2F 2-2: Ball 3-2: Foul Ball, location: 2F 3-2: Strikes out swinging
|
Batting: RHB Todd Oliver
|
0-0: Ball 1-0: Swinging Strike 1-1: Foul Ball, location: 2F 1-2: Foul Ball, location: 2F 1-2: Foul Ball, location: 2F 1-2: Ball 2-2: Strikes out swinging
|
Bottom of the 10th over - 0 run(s), 0 hit(s), 0 error(s), 0 left on base; Chula Vista 1 - Colorado 1 |
TOP OF THE 11TH |
Chula Vista Tacos batting - Pitching for Colorado Commanders : RHP José Deleón
|
Now at C: Adam Reeves
|
|
Now in LF: Luis Torres
|
|
Batting: LHB Roderick Delgado
|
0-0: Ball 1-0: Foul Ball, location: 2F 1-1: Foul Ball, location: 2F 1-2: Ball 2-2: Strikes out swinging, 2-3 out at first.
|
Pinch Hitting: LHB Gonzalo Benítez
|
0-0: Called Strike 0-1: Foul Ball, location: 2F 0-2: Strikes out swinging
|
Batting: RHB Manny Torrez
|
0-0: Ball 1-0: Called Strike 1-1: Ball 2-1: Ball 3-1: Called Strike 3-2: Foul Ball, location: 2F 3-2: Base on Balls
|
Batting: RHB Juan Morales
|
0-0: Called Strike 0-1: Ball Manny Torrez steals 2nd base 1-1: Foul Ball, location: 2F 1-2: Strikes out swinging
|
Top of the 11th over - 0 run(s), 0 hit(s), 0 error(s), 1 left on base; Chula Vista 1 - Colorado 1 |
BOTTOM OF THE 11TH |
Colorado Commanders batting - Pitching for Chula Vista Tacos : RHP Bobby Booker
|
Now at C: Dave King
|
|
Batting: RHB Chris Rice
|
0-0: Ball 1-0: Called Strike 1-1: Foul Ball, location: 2F 1-2: Foul Ball, location: 2F 1-2: Strikes out swinging
|
Batting: RHB Frank Martínez
|
0-0: Fly out, F9 (Flyball, 9LS)
|
Batting: SHB Ángel Díaz
|
0-0: Ball 1-0: Foul Ball, location: 2F 1-1: Foul Ball, location: 2F 1-2: SINGLE (Groundball, 34S) (infield hit)
|
Batting: RHB Ricardo Remedios
|
0-0: Ball 1-0: Called Strike 1-1: Swinging Strike 1-2: Strikes out swinging
|
Bottom of the 11th over - 0 run(s), 1 hit(s), 0 error(s), 1 left on base; Chula Vista 1 - Colorado 1 |
TOP OF THE 12TH |
Chula Vista Tacos batting - Pitching for Colorado Commanders : RHP José Deleón
|
Batting: LHB Michael Myers
|
0-0: TRIPLE (Line Drive, 9LD)
|
Batting: LHB John White
|
0-0: Fly out, F7 (Flyball, 78S)
|
Batting: RHB Javier González
|
0-0: Ball 1-0: Foul Ball, location: 2F 1-1: Ground out 4-3 (Groundball, 4)
|
Batting: LHB Joe Baker
|
0-0: Ball 1-0: Ball 2-0: Ball 3-0: Called Strike 3-1: Base on Balls
|
Pitching: LHP Manuel Reyes
|
|
Batting: RHB Guillermo Deleón
|
0-0: Ball 1-0: Ball 2-0: Ball 3-0: Base on Balls Joe Baker to second
|
Batting: LHB Roderick Delgado
|
0-0: Swinging Strike 0-1: Ball 1-1: Ball 2-1: Ground out 6-3 (Groundball, 56)
|
Top of the 12th over - 0 run(s), 1 hit(s), 0 error(s), 3 left on base; Chula Vista 1 - Colorado 1 |
BOTTOM OF THE 12TH |
Colorado Commanders batting - Pitching for Chula Vista Tacos : RHP Bobby Booker
|
Batting: SHB Pancho Vásquez
|
0-0: Ball 1-0: SINGLE (Line Drive, 89S)
|
Batting: SHB Theodore Cook
|
0-0: Sac Bunt - play at first, batter OUT! 1-4 Pancho Vásquez to second
|
Batting: LHB Luis Torres
|
0-0: Intentional Walk
|
Batting: RHB Adam Reeves
|
0-0: Called Strike 0-1: Hit by Pitch Pancho Vásquez to third Luis Torres to second
|
Pitching: RHP Rick Hernández
|
|
Batting: RHB Todd Oliver
|
0-0: Foul Ball, location: 2F 0-1: Ball 1-1: Ball 2-1: Called Strike 2-2: Strikes out swinging
|
Batting: RHB Chris Rice
|
0-0: Ball 1-0: Swinging Strike 1-1: Swinging Strike 1-2: Ball 2-2: Foul Ball, location: 2F 2-2: Strikes out looking
|
Bottom of the 12th over - 0 run(s), 1 hit(s), 0 error(s), 3 left on base; Chula Vista 1 - Colorado 1 |
TOP OF THE 13TH |
Chula Vista Tacos batting - Pitching for Colorado Commanders : LHP Manuel Reyes
|
Batting: RHB Dave King
|
0-0: Called Strike 0-1: Called Strike 0-2: Ball 1-2: Ball 2-2: Foul Ball, location: 2F 2-2: Ball 3-2: Foul Ball, location: 2F 3-2: Base on Balls
|
Pinch Runner at 1st Preston Wooten:
|
|
Batting: RHB Manny Torrez
|
0-0: Called Strike 0-1: Ball 1-1: Ground out 5-3 (Groundball, 56S) Preston Wooten to second
|
Batting: RHB Juan Morales
|
0-0: Foul Ball, location: 2F 0-1: Ball 1-1: Ball 2-1: Ball 3-1: Ground out 5-3 (Groundball, 56)
|
Batting: LHB Michael Myers
|
0-0: Ball 1-0: Ball 2-0: Called Strike 2-1: Swinging Strike 2-2: Ball 3-2: Base on Balls
|
Batting: LHB John White
|
0-0: Ball 1-0: Ball 2-0: Ball 3-0: SINGLE (Line Drive, 4MD) Preston Wooten to third Michael Myers to second Runner from 3rd tries for Home, SAFE, no throw
|
Batting: RHB Javier González
|
0-0: Ball 1-0: Ball 2-0: Called Strike 2-1: Ball 3-1: SINGLE (Groundball, 6MD) Michael Myers to third John White to second Runner from 3rd tries for Home, SAFE, no throw
|
Pitching: RHP Bill Davis
|
|
Batting: LHB Joe Baker
|
0-0: Called Strike 0-1: Ball 1-1: Swinging Strike 1-2: Strikes out swinging
|
Top of the 13th over - 2 run(s), 2 hit(s), 0 error(s), 2 left on base; Chula Vista 3 - Colorado 1 |
BOTTOM OF THE 13TH |
Colorado Commanders batting - Pitching for Chula Vista Tacos : RHP Rick Hernández
|
Now at C: Arturo Silva
|
|
Batting: RHB Frank Martínez
|
0-0: Ball 1-0: DOUBLE (Flyball, 9LM)
|
Batting: SHB Ángel Díaz
|
0-0: Swinging Strike 0-1: Ball 1-1: Foul Ball, location: 2F 1-2: Ball 2-2: Fly out, F7 (Line Drive, 7)
|
Batting: RHB Ricardo Remedios
|
0-0: Ball 1-0: SINGLE (Flyball, 8RS) Frank Martínez to third
|
Batting: SHB Pancho Vásquez
|
0-0: Called Strike 0-1: Foul Ball, location: 2F 0-2: Foul Ball, location: 2F 0-2: Ball 1-2: Strikes out looking
|
Batting: SHB Theodore Cook
|
0-0: Called Strike 0-1: Ball 1-1: Called Strike 1-2: Ball 2-2: Foul Ball, location: 2F 2-2: Foul Ball, location: 2F 2-2: Strikes out looking
|
Bottom of the 13th over - 0 run(s), 2 hit(s), 0 error(s), 2 left on base; Chula Vista 3 - Colorado 1 |
|